 Dungeon Crawl Stone Soup version 0.28.0 (webtiles) character file.

Game seed: 1379839700252897302

560 Ayyar the Chopper (level 7, 0/61 HPs)
             Began as a Hill Orc Monk on Apr 28, 2022.
             Slain by a gnoll (4 damage)
             ... on level 6 of the Dungeon.
             The game lasted 00:16:32 (6339 turns).

Ayyar the Chopper (Hill Orc Monk)                   Turns: 6339, Time: 00:16:32

Health: 0/61       AC:  7    Str: 16    XL:     7   Next: 31%
Magic:  8/8        EV: 10    Int: 10    God:
Gold:   302        SH:  0    Dex: 13    Spells: 6/6 levels left

rFire   . . .      SeeInvis .   h - +0 war axe
rCold   . . .      Faith    .   (no shield)
rNeg    . . .      Spirit   .   g - +0 scale mail
rPois   +          Reflect  .   s - +0 helmet
rElec   .          Harm     .   (no cloak)
rCorr   .          Rampage  .   (no gloves)
Will    .....                   (no boots)
Stlth   +.........              (no amulet)
HPRegen 0.20/turn               u - ring of poison resistance
MPRegen 0.11/turn               (no ring)

@: no status effects
A: no striking features
a: no special abilities


You were on level 6 of the Dungeon.
You visited 1 branch of the dungeon, and saw 6 of its levels.

You collected 302 gold pieces.

Inventory:

Hand Weapons
 h - a +0 war axe (weapon)
 E - a +0 whip
Missiles
 m - an atropa-tipped dart (quivered)
 B - 6 javelins
Armour
 g - a +0 scale mail (worn)
 p - a +0 chain mail
 s - a +0 helmet (worn)
 x - +0 shadow dragon scales
Jewellery
 i - a ring of magical power
 t - an amulet of magic regeneration
 u - a ring of poison resistance (left hand)
Scrolls
 a - 3 scrolls of amnesia {unknown}
 b - a scroll of immolation {unknown}
 c - 4 scrolls of enchant armour {unknown}
 d - 3 scrolls of teleportation {unknown}
 f - a scroll of noise {unknown}
 j - 2 scrolls of identify {unknown}
 l - a scroll of magic mapping {unknown}
 o - 2 scrolls of blinking {unknown}
 q - 3 scrolls of vulnerability {unknown}
 v - a scroll of enchant weapon {unknown}
 y - 3 scrolls of fog {unknown}
Potions
 e - 2 potions of heal wounds {unknown}
 k - a potion of cancellation {unknown}
 n - a potion of invisibility {unknown}
 r - a potion of flight {unknown}
 w - a potion of haste {unknown}
 z - a potion of brilliance {unknown}
 A - a potion of magic {unknown}
 C - 2 potions of resistance {unknown}
 D - a potion of mutation {unknown}


   Skills:
 + Level 5.0 Fighting
 * Level 6.7 Axes
 + Level 1.0 Throwing
 + Level 2.4 Armour
 - Level 3.0 Dodging
 - Level 3.0 Stealth
 + Level 2.6 Invocations
 + Level 1.9 Evocations


You had 6 spell levels left.
You didn't know any spells.
Your spell library contained the following spells:

 Spells                   Type           Power      Damage    Failure   Level
 Slow                     Hex            0%         N/A       80%         1
 Confusing Touch          Hex            0%         N/A       99%         3
 Tukima's Dance           Hex            0%         N/A       99%         3
 Vampiric Draining        Necr           0%         2d6       99%         3
 Anguish                  Hex/Necr       0%         N/A       100%        4
 Enfeeble                 Hex            0%         N/A       100%        7


Dungeon Overview and Level Annotations

Branches:
Dungeon (6/15)
 Temple: D:4-7

Altars:
Uskayaw

Annotations:
D:6 Pikel


Message History

The gnoll hits you with a +0 spear.
You barely miss the gnoll.
The gnoll is almost dead.
The gnoll hits you but does no damage.
Throw: 3 darts (atropa)
Press: ? - help, Q - select action, (/) - cycle Shift-Dir - straight line, f/p - gnoll
Aim: a gnoll, wielding a +0 spear (almost dead, 63% to hit, chance to blind on hit: 100%)
You throw an atropa-tipped dart. The atropa-tipped dart hits the gnoll.
The gnoll appears confused.
The gnoll is almost dead.
The gnoll barely misses you.
You hit the gnoll.
You kill the gnoll!
You barely miss the gnoll. The gnoll closely misses you.
You hit the gnoll but do no damage. The gnoll hits you but does no damage.
You slash the gnoll!
The gnoll is almost dead.
The gnoll barely misses you.
You closely miss the gnoll.
The gnoll is almost dead.
The gnoll hits you with a +0 flail. x2
* * * LOW HITPOINT WARNING * * *
You closely miss the gnoll.
The gnoll is severely wounded.
The gnoll hits you with a +0 flail.
* * * LOW HITPOINT WARNING * * *
Throw: 2 darts (atropa)
Press: ? - help, Q - select action, (/) - cycle Shift-Dir - straight line, f - gnoll
Aim: a gnoll, wielding a +0 flail (severely wounded, 63% to hit, chance to blind on hit: 100%)
You throw an atropa-tipped dart. The atropa-tipped dart hits the gnoll.
The gnoll appears confused.
The gnoll is severely wounded.
The gnoll hits you with a +0 flail!
* * * LOW HITPOINT WARNING * * *
You slash the gnoll!
You kill the gnoll!
You slash the gnoll!
The gnoll is severely wounded.
The gnoll hits you but does no damage. The gnoll hits you with a +0 flail.
You die...

≈≈.........#
...........# ..
..≈........# ... ##
...........# ... ......
.###.#.##..# #.# #..##.
## ##..###.# #.# ##..##.
# #..# #.# #.# #...##g
## ##.##
#.############.# #.#.##.
.###.##
#..[...@g..(...###.#.##.
#.....#
#############..†##.#.##.
#####.# #.###.#...)..
#####.### #.# #........
........# #.###.#......
#####.#.#
###########........###.
#.#.#
#.......†......##.## #.
#.#.#
#.#####...........# ##
###.#.# #.#
#.###.#..####


You could see a gnoll.

Vanquished Creatures
  A hornet zombie (D:6)
  A phantom (D:6)
  A scorpion (D:4)
  2 water moccasin skeletons
  A hound (D:5)
  An iguana (D:5)
  A howler monkey zombie (D:6)
  4 adders
  3 gnolls (D:6)
  A white imp (D:5)
  3 ufetubi
  2 worms (D:2)
  A dart slug (D:5)
  8 orcs
  7 ball pythons
  8 endoplasms
  4 giant cockroaches
  3 goblins
  5 hobgoblins
  2 jackals (D:1)
  4 quokkas
  5 bats
  2 frilled lizards
  5 kobolds
  5 rats
80 creatures vanquished.

Vanquished Creatures (others)
  A plant (D:3)
1 creature vanquished.

Grand Total: 81 creatures vanquished

Notes
Turn   | Place    | Note
-------+----------+-------------------------------------------
     0 | D:1      | Ayyar the Hill Orc Monk began the quest for the Orb.
     0 | D:1      | Reached XP level 1. HP: 19/19 MP: 1/1
    91 | D:1      | Reached XP level 2. HP: 12/27 MP: 2/2
   769 | D:1      | Reached XP level 3. HP: 33/33 MP: 3/3
  1326 | D:2      | Found a faded altar of an unknown god.
  1550 | D:2      | Reached skill level 5 in Axes
  1589 | D:2      | Reached XP level 4. HP: 29/40 MP: 4/4
  1836 | D:2      | You fall into a shaft and drop 2 floors!
  3329 | D:4      | Noticed a scorpion
  3352 | D:4      | Killed a scorpion
  3353 | D:4      | Reached skill level 1 in Armour
  3353 | D:4      | Reached XP level 5. HP: 27/46 MP: 5/5
  3691 | D:4      | Reached skill level 1 in Invocations
  4202 | D:4      | Found a hide-covered altar of Uskayaw.
  4436 | D:5      | Entered Level 5 of the Dungeon
  4576 | D:5      | Reached skill level 6 in Axes
  4576 | D:5      | Reached skill level 1 in Evocations
  4576 | D:5      | Reached XP level 6. HP: 17/53 MP: 5/7
  6084 | D:6      | Noticed Pikel
  6235 | D:6      | Reached XP level 7. HP: 60/60 MP: 8/8
  6275 | D:6      | Reached skill level 5 in Fighting
  6275 | D:6      | Reached skill level 1 in Throwing
  6339 | D:6      | Slain by a gnoll

Illustrated notes

Levels and vault maps discovered:
D:1:      mushboom_english_gardens, layout_basic
D:2:      layout_basic, hellmonk_ecumenical_altar_arch_garden
D:3:      layout_loops_corners, serial_bayou, serial_bayou_ford_a,
          serial_bayou_shore_a, serial_bayou_crossing, serial_bayou_pond_a,
          serial_bayou_pond_c
D:4:      layout_loops_ring, eat_drink_and_be_merry_uskayaw
D:5:      layout_basic
D:6:      layout_loops_ring, lemuel_old_faithful, uniq_pikel

Skill      XL: |  1  2  3  4  5  6  7 |
---------------+----------------------+-----
Fighting       | 4 5 |  5.0
Stealth        | 2 3 |  3.0
Axes           | 5 6 |  6.7
Armour         | 1 2 |  2.4
Dodging        | 3 |  3.0
Invocations    | 1 2 |  2.6
Evocations     | 1 |  1.9
Throwing       | 1 |  1.0

Action                   |  1- 3 |  4- 6 |  7- 9 || total
-------------------------+-------+-------+-------++-------
Melee: Hand axe          |   139 |    72 |       ||   211
       Punch             |     1 |     2 |       ||     3
       War axe           |       |    84 |    45 ||   129
Throw: Dart              |       |     5 |     4 ||     9
  Use: Potion            |       |     5 |       ||     5
 Stab: Sleeping          |     3 |       |       ||     3
Armor: Robe              |    16 |       |       ||    16
       Leather armour    |    13 |       |       ||    13
       Scale mail        |    26 |    59 |    18 ||   103
Dodge: Dodged            |    89 |   100 |    25 ||   214
